 Dungeon Crawl Stone Soup version 0.31-a0-277-g31ea1f65cc (webtiles) character file.

Game seed: 9871107234460134595

6540 mopl the Covert (level 11, 0/77 HPs)
             Began as an Octopode Brigand on July 15, 2023.
             Was a Follower of Dithmenos.
             Slain by a manticore (11 damage)
             ... on level 10 of the Dungeon.
             The game lasted 00:11:07 (8786 turns).

mopl the Covert (Octopode Brigand)                  Turns: 8786, Time: 00:11:08

Health: 0/77       AC:  1    Str: 10    XL:     11   Next: 1%
Magic:  0/13       EV: 15    Int: 25    God:    Dithmenos [*.....]
Gold:   1          SH:  0    Dex: 13    Spells: 10/10 levels left

rFire   . . .        a - +4 dagger (flame)
rCold   . . .        (no shield)
rNeg    . . .        (helmet restricted)
rPois   .            K - amulet of guardian spirit
rElec   .            y - +6 ring of intelligence
rCorr   .            (no ring)
SInv    .            (no ring)
Will    .....        (no ring)
Stlth   +++++++      (no ring)
HPRegen 0.32/turn    (no ring)
MPRegen 0.13/turn    (no ring)
                     (no ring)

%: guardian spirit
@: wreathed by umbra
A: almost no armour, amphibious, 8 rings, camouflage 1, gelatinous body 1,
(nimble swimmer 1), tentacles
a: Renounce Religion


You were on level 10 of the Dungeon.
You worshipped Dithmenos.
Dithmenos was aware of your devotion.
You visited 2 branches of the dungeon, and saw 11 of its levels.

You collected 385 gold pieces.
You spent 384 gold pieces at shops.

Inventory:

Hand Weapons
 a - a +4 dagger of flaming (weapon)
 b - a +0 short sword of electrocution
 A - a +5 scimitar
 J - a +0 dagger of electrocution
 Q - a +4 dagger of chaos
Missiles
 c - 3 curare-tipped darts
 e - 28 poisoned darts (quivered)
 t - 3 atropa-tipped darts
 w - 10 boomerangs
 E - a throwing net
Jewellery
 y - a +6 ring of intelligence (left tentacle)
 I - a ring of fire
 K - an amulet of guardian spirit (around mantle)
Wands
 D - a wand of iceblast (13)
 G - a wand of flame (21)
 H - a wand of mindburst (33)
 L - a wand of light (5)
 N - a wand of polymorph (3)
 O - a wand of charming (4)
Scrolls
 g - a scroll of acquirement {unknown}
 h - 3 scrolls of immolation {unknown}
 j - 4 scrolls of blinking
 l - a scroll of butterflies {unknown}
 n - 2 scrolls of fog
 o - a scroll of revelation {unknown}
 p - a scroll of enchant armour {unknown}
 v - a scroll of noise {unknown}
 z - 3 scrolls of teleportation {unknown}
 B - a scroll of poison
 C - a scroll of fear
 F - a scroll of torment {unknown}
 P - a scroll of enchant weapon
 R - a scroll of amnesia
Potions
 d - 3 potions of might
 f - 3 potions of lignification {unknown}
 i - a potion of invisibility
 k - 3 potions of mutation {unknown}
 m - a potion of haste
 q - a potion of enlightenment
 r - a potion of brilliance
 s - 3 potions of resistance
 u - 3 potions of heal wounds
 x - 5 potions of curing {unknown}
 M - a potion of cancellation


   Skills:
 + Level 7.9 Fighting
 + Level 7.7 Short Blades
 + Level 7.8 Throwing
 + Level 5.4 Dodging
 + Level 11.9 Stealth
 + Level 3.4 Invocations


You had 10 spell levels left.
You didn't know any spells.
Your spell library contained the following spells:

 Spells                   Type           Power      Damage    Failure   Level
 Magic Dart               Conj           0%         1d3       14%         1
 Call Imp                 Summ           0%         N/A       21%         2
 Cigotuvi's Dreadful Rot  Necr/Pois/Air  0%         N/A       21%         2
 Lesser Beckoning         Tloc           0%         N/A       21%         2
 Gell's Gravitas          Tloc           0%         N/A       38%         3
 Ignite Poison            Fire/Tmut/Pois 0%         N/A       38%         3
 Mephitic Cloud           Conj/Pois/Air  0%         N/A       38%         3
 Teleport Other           Tloc           0%         N/A       38%         3
 Freezing Cloud           Conj/Ice/Air   0%         6-21      98%         5


Dungeon Overview and Level Annotations

Branches:
Dungeon (10/15)            Temple (1/1) D:7            Lair (0/5) D:8
    Orc: D:9-12

Altars:
Ashenzari
Cheibriados
Dithmenos
Elyvilon
Fedhas
Gozag
Hepliaklqana
Kikubaaqudgha
Makhleb
Nemelex Xobeh
Okawaru
Qazlal
Ru
Sif Muna
Trog
Uskayaw
Vehumet
Wu Jian
Xom
Yredelemnul
Zin
The Shining One

Shops:
D:4 ?   D:8 (

Annotations:
D:7 2 transporters, KineticRobot's ghost, novice MfGl
D:8 3 runed translucent doors, Chingon's ghost, novice DjIE


Innate Abilities, Weirdness & Mutations

You cannot wear most types of armour.
You are amphibious.
You can wear up to eight rings at the same time.
Your skin changes colour to match your surroundings (Stealth+).
Your rubbery body absorbs attacks. (AC +1, EV +1)
((You are camouflaged when in or above water. (Stealth+)))
You have tentacles for arms and can constrict up to eight enemies at once.


Message History

A manticore comes into view.
Found a potion of haste.
There is an open door here.
A manticore is nearby!
The manticore bites you! The manticore claws you.
The manticore completely misses you.
You hit the manticore. You burn the manticore.
The manticore is moderately wounded.
The manticore closely misses you. The manticore claws you.
The manticore claws you but does no damage.
You hit the manticore. You burn the manticore.
Your squeeze misses the manticore.
The manticore is moderately wounded.
You hit the manticore but do no damage. Your squeeze misses the manticore.
The manticore is moderately wounded.
The manticore bites you but does no damage.
The manticore closely misses you. The manticore misses you.
You hit the manticore. You burn the manticore.
The manticore is heavily wounded.
The manticore closely misses you. The manticore barely misses you. x2
You hit the manticore. You burn the manticore. You squeeze the manticore.
The manticore is heavily wounded.
You hit the manticore. You burn the manticore.
The manticore is severely wounded.
The manticore bites you. The manticore closely misses you.
The manticore claws you.
You hit the manticore. You burn the manticore. You squeeze the manticore!
The manticore is almost dead.
You barely miss the manticore.
The manticore is almost dead.
The manticore bites you! The manticore claws you! x2
You are too injured to fight recklessly!
You barely miss the manticore. Your squeeze misses the manticore.
The manticore is almost dead.
The manticore bites you!
* * * LOW HITPOINT WARNING * * *
The manticore claws you!
* * * LOW HITPOINT WARNING * * *
The manticore claws you!
You die...

#...[....#
##>#######
#..####
##....#
####.## #..#
##.#
########'###
......H@...#
...........+
...........#
.!....?....#
...........#
##+#########


You could see a manticore.

Vanquished Creatures
  A two-headed ogre (D:8)
  Pikel (D:4)
  Maggie (D:9)
  Psyche (D:10)
  A hornet (D:7)
  Grinder (D:4)
  A basilisk (D:9)
  A wyvern (D:10)
  Menkaure (D:4)
  3 water moccasins
  Edmund (D:4)
  An acid dragon (D:9)
  An ice beast (D:8)
  2 orc warriors
  A sky beast (D:7)
  An ogre (D:5)
  2 centaurs
  4 lemures (D:4)
  2 kobold brigands
  3 phantoms
  5 bullfrogs
  Blork the orc (D:4)
  2 scorpions
  16 wights
  8 killer bees (D:8)
  A howler monkey (D:9)
  2 electric eels (D:7)
  A hound (D:7)
  2 gnoll boudas
  5 orc priests
  2 iguanas
  A sleepcap (D:6)
  Terence (D:3)
  7 orc wizards
  14 gnolls
  11 adders
  A shadow imp (D:7)
  3 white imps
  3 ufetubi
  2 worms (D:2)
  5 dart slugs
  32 orcs
  7 ball pythons
  8 endoplasms
  4 giant cockroaches
  8 goblins
  8 hobgoblins
  5 jackals
  A quokka (D:4)
  5 bats
  2 frilled lizards
  18 kobolds
  4 rats
225 creatures vanquished.

Notes
Turn   | Place    | Note
-------+----------+-------------------------------------------
     0 | D:1      | mopl the Octopode Brigand began the quest for the Orb.
     0 | D:1      | Reached XP level 1. HP: 14/14 MP: 1/1
   108 | D:1      | Reached XP level 2. HP: 19/19 MP: 2/2
   442 | D:1      | Reached XP level 3. HP: 24/25 MP: 3/3
   603 | D:2      | Found a faded altar of an unknown god.
   635 | D:2      | Identified the +3 shortbow of Eternal War {heavy, Fly rElec
                  | MP+9 Stlth-}
   873 | D:2      | Reached XP level 4. HP: 30/30 MP: 4/4
   988 | D:2      | Reached skill level 6 in Stealth
  1038 | D:2      | Found a radiant altar of Vehumet.
  1404 | D:3      | Reached skill level 3 in Fighting
  1404 | D:3      | Reached skill level 3 in Throwing
  1433 | D:3      | Noticed Terence
  1435 | D:3      | Killed Terence
  1436 | D:3      | Reached skill level 3 in Short Blades
  1436 | D:3      | Reached XP level 5. HP: 36/36 MP: 5/5
  1684 | D:3      | Identified the +1 robe "Ivvid" {+Blink rCorr Int+3}
  1991 | D:3      | Reached XP level 6. HP: 34/42 MP: 6/6
  2242 | D:4      | Noticed Menkaure
  2250 | D:4      | Killed Menkaure
  2251 | D:4      | Reached skill level 4 in Fighting
  2251 | D:4      | Reached skill level 4 in Throwing
  2251 | D:4      | Reached skill level 7 in Stealth
  2251 | D:4      | Reached XP level 7. HP: 26/48 MP: 7/7
  2481 | D:4      | Reached skill level 4 in Short Blades
  2528 | D:4      | Noticed Grinder
  2562 | D:4      | Killed Grinder
  2562 | D:4      | Noticed Blork the orc
  2562 | D:4      | Noticed Pikel
  2594 | D:4      | Killed Blork the orc
  2595 | D:4      | Reached skill level 8 in Stealth
  2811 | D:4      | Killed Pikel
  2812 | D:4      | Reached skill level 5 in Fighting
  2812 | D:4      | Reached skill level 5 in Short Blades
  2812 | D:4      | Reached skill level 5 in Throwing
  2812 | D:4      | Reached XP level 8. HP: 52/55 MP: 8/8
  2946 | D:4      | Found Udweudil's Magic Scroll Emporium.
  2954 | D:4      | Bought a scroll of identify for 22 gold pieces
  2954 | D:4      | Bought a scroll of poison for 44 gold pieces
  2954 | D:4      | Bought a scroll of fear for 44 gold pieces
  3010 | D:4      | Noticed Edmund
  3013 | D:4      | Killed Edmund
  3014 | D:4      | Reached skill level 9 in Stealth
  3100 | D:5      | Entered Level 5 of the Dungeon
  3337 | D:5      | Reached skill level 2 in Dodging
  3337 | D:5      | Reached XP level 9. HP: 27/62 MP: 9/9
  3491 | D:5      | Reached skill level 6 in Fighting
  3491 | D:5      | Reached skill level 6 in Short Blades
  3491 | D:5      | Reached skill level 6 in Throwing
  3929 | D:5      | Found a glowing silver altar of Zin.
  3929 | D:5      | Noticed an angel
  4245 | D:6      | Reached skill level 10 in Stealth
  4375 | D:6      | Reached skill level 3 in Dodging
  5215 | D:7      | Found a transporter.
  5229 | D:7      | Noticed KineticRobot's ghost (novice MfGl)
  5231 | D:7      | Noticed a hornet
  5237 | D:7      | Killed a hornet
  5245 | D:7      | Found a transporter.
  5295 | D:7      | Reached skill level 4 in Dodging
  5295 | D:7      | Reached XP level 10. HP: 63/69 MP: 10/10
  5372 | D:7      | Reached skill level 7 in Fighting
  5372 | D:7      | Reached skill level 7 in Throwing
  5537 | D:7      | Found a transporter.
  5555 | D:7      | Reached skill level 7 in Short Blades
  5559 | D:7      | Reached skill level 11 in Stealth
  5671 | D:7      | Found a staircase to the Ecumenical Temple.
  5680 | Temple   | Entered the Ecumenical Temple
  6017 | Temple   | Became a worshipper of Dithmenos the Shadowed
  6093 | D:7      | Found a transporter.
  6616 | D:8      | Reached skill level 1 in Invocations
  7040 | D:8      | Found a staircase to the Lair.
  7134 | D:8      | Noticed a two-headed ogre
  7137 | D:8      | Killed a two-headed ogre
  7138 | D:8      | Reached skill level 2 in Invocations
  7318 | D:8      | Reached * piety under Dithmenos
  7381 | D:8      | Found a runed translucent gate.
  7381 | D:8      | Found a runed translucent gate.
  7384 | D:8      | Found a runed translucent gate.
  7385 | D:8      | Noticed Chingon's ghost (novice DjIE)
  7398 | D:8      | Found Fikigg's Weapon Shoppe.
  7624 | D:9      | Noticed Maggie
  7636 | D:9      | Killed Maggie
  7637 | D:9      | Reached skill level 5 in Dodging
  7927 | D:9      | Reached skill level 3 in Invocations
  8595 | D:4      | Bought a scroll of fog for 44 gold pieces
  8595 | D:4      | Bought a scroll of blinking for 82 gold pieces
  8595 | D:4      | Bought a scroll of enchant weapon for 82 gold pieces
  8595 | D:4      | Bought a scroll of identify for 22 gold pieces
  8595 | D:4      | Bought a scroll of amnesia for 44 gold pieces
  8732 | D:10     | Entered Level 10 of the Dungeon
  8749 | D:10     | Noticed Psyche
  8760 | D:10     | Killed Psyche
  8761 | D:10     | Reached XP level 11. HP: 68/77 MP: 13/13
  8776 | D:10     | Noticed a manticore
  8786 | D:10     | Slain by a manticore

Illustrated notes

Levels and vault maps discovered:
D:1:      nzn_arrival_water_spiral, layout_loops_ring
D:2:      layout_rooms, basic_altar, chequers_ecumenical_altar_island
D:3:      layout_basic, kennysheep_generic_room_16, uniq_terence
D:4:      layout_loops_ring, serial_shops, shop, st_stairs_4,
          chequers_big_river, corexii_item_surrounded_by_moat, uniq_menkaure,
          uniq_edmund, uniq_pikel, uniq_blork_the_orc, uniq_grinder
D:5:      layout_loops_ring, zin_angel
D:6:      layout_basic
D:7:      gammafunk_steamed_eel, layout_loops_cross,
          minmay_temple_entry_antechambers, gammafunk_ghost_stat_death
D:8:      layout_basic, lair_entry_dummy, biasface_ghost_orc_armoury,
          serial_shops, nicolae_shop_waterfront
D:9:      layout_gridville, uniq_maggie
D:10:     layout_roguey, enter_trove_1, uniq_erolcha, uniq_psyche
Temple:   nicolae_temple_the_god_donut

Skill      XL: |  1  2  3  4  5  6  7  8  9 10 |
---------------+-------------------------------+-----
Stealth        | 6 7 8 9 10 11 | 11.9
Fighting       | 3 4 5 6 7 |  7.9
Throwing       | 3 4 5 6 7 |  7.8
Short Blades   | 3 5 6 7 |  7.7
Dodging        | 2 4 5 |  5.4
Invocations    | 3 |  3.4

Action                     |  1- 3 |  4- 6 |  7- 9 | 10-12 || total
---------------------------+-------+-------+-------+-------++-------
  Melee: Dagger            |    62 |    82 |   216 |   214 ||   574
         Constrict         |    17 |    15 |    43 |    36 ||   111
         Tentacles         |    12 |    17 |    60 |    64 ||   153
         Short sword       |       |       |     5 |       ||     5
         Punch             |       |       |     8 |     5 ||    13
         Unarmed           |       |       |       |     3 ||     3
  Evoke: Wand              |       |       |       |     2 ||     2
    Use: Scroll            |       |       |     8 |     2 ||    10
   Stab: Sleeping          |    12 |    14 |    21 |    14 ||    61
 Armour: Skin              |     5 |     9 |     3 |     7 ||    24
  Dodge: Dodged            |    25 |    45 |    88 |   113 ||   271

Table legend: (Time is in decaauts)
 A = Elapsed time spent in this place.
 B = Non-inter-level travel time spent in this place.
 C = Inter-level travel time spent in this place.
 D = Time resting spent in this place.
 E = Time spent auto-exploring this place.
 F = Levels seen in this place.
 G = Mean time per level.
                   A        B        C        D        E       F      G
               +--------+--------+--------+--------+--------+-----+--------+
         Total |   8630 |   8216 |    414 |   1574 |   4950 |  11 |  784.5 |
       Dungeon |   8280 |   7912 |    368 |   1574 |   4665 |  10 |  828.0 |
        Temple |    349 |    303 |     46 |      0 |    285 |   1 |  349.0 |
               +--------+--------+--------+--------+--------+-----+--------+

Top non-repeatable levels by time:
     D:7: 1129 daAuts
     D:8: 1032 daAuts
     D:4: 1025 daAuts
     D:5: 1017 daAuts
     D:6: 1015 daAuts
     D:9: 904 daAuts
     D:2: 848 daAuts
     D:3: 706 daAuts
     D:1: 553 daAuts
  Temple: 349 daAuts
    D:10: 48 daAuts
